 Dungeon Crawl Stone Soup version 0.31-a0-983-g7b6862f502 (webtiles) character file.

Game seed: 13712790767409092387

226 croobank the Sneak (level 5, 0/41 HPs)
             Began as a Demonspawn Delver on Nov 3, 2023.
             Succumbed to a scorpion's poison
             ... on level 4 of the Dungeon.
             The game lasted 00:03:06 (607 turns).

croobank the Sneak (Demonspawn Delver)               Turns: 607, Time: 00:03:06

Health: 0/41       AC:  4    Str: 12    XL:     5   Next: 69%
Magic:  5/5        EV: 12    Int: 14    God:
Gold:   0          SH:  0    Dex: 14    Spells: 4/4 levels left

rFire   + + .        a - +0 short sword
rCold   . . .        k - orb {*Rage}
rNeg    . . .        b - +0 leather armour
rPois   .            (no helmet)
rElec   .            (no cloak)
rCorr   +            (no gloves)
SInv    .            h - +0 pair of boots
Will    .....        (no amulet)
Stlth   +++          l - ring of Jileirch {Wiz rF++ rCorr}
HPRegen 0.26/turn    (no ring)
MPRegen 0.09/turn

%: random rage (20%), wizardry (x1)
@: lethally poisoned (0 -> -1), on berserk cooldown, hasted and slowed
A: powered by pain 2, demonic touch 2
a: no special abilities


You were on level 4 of the Dungeon.
You visited 1 branch of the dungeon, and saw 3 of its levels.

Inventory:

Hand Weapons
 a - a +0 short sword (weapon)
Armour
 b - a +0 leather armour (worn)
 h - a +0 pair of boots (worn)
 j - a +1 scale mail of poison resistance
 k - an orb of wrath (worn)
Jewellery
 l - the ring of Jileirch (left hand) {Wiz rF++ rCorr}
   (You found it on level 4 of the Dungeon)

   [ring of wizardry]

   Wiz:       It improves your spell success rate.
   rF++:      It greatly protects you from fire.
   rCorr:     It protects you from acid and corrosion.
Wands
 g - a wand of digging (3)
Scrolls
 c - a scroll of fog
 d - 2 scrolls of revelation
 e - a scroll of fear
Potions
 i - a potion of invisibility {unknown}


   Skills:
 - Level 3.3 Fighting
 - Level 2.2 Short Blades
 - Level 2.2 Dodging
 + Level 6.8 Stealth


You had 4 spell levels left.
You didn't know any spells.
Your spell library was empty.

Dungeon Overview and Level Annotations

Branches:
Dungeon (6/15)
 Temple: D:4-7

Altars:


Innate Abilities, Weirdness & Mutations

You sometimes gain power by taking damage.
Your touch may inflict irresistible damage on your foes.


Message History

You feel very sick. The scorpion closely misses you. The orc misses you.
You barely miss the scorpion.
The scorpion is severely wounded.
You feel very sick.
The scorpion stings you but does no damage.
You puncture the scorpion!
You kill the scorpion!
You feel sick. The orc hits you but does no damage.
You puncture the orc!
You kill the orc!
You feel sick.
You hit the ball python.
You kill the ball python!
You feel sick.
You puncture the orc!
You kill the orc!
You feel sick.
You feel sick.
You see here a +0 flail.
You feel a strong urge to attack something.
You feel sick.
You barely miss the orc.
You are no longer berserk.
You are exhausted.
You feel yourself slow down.
You feel sick.
The orc shouts!
You hit the orc.
The orc is lightly wounded.
You feel sick.
You hear a shout!
The orc hits you with a +0 hand axe.
* * * LOW HITPOINT WARNING * * *
The orc hits you with a +0 hand axe.
* * * LOW HITPOINT WARNING * * *
You feel yourself speed up.
You feel sick. The orc hits you with a +0 hand axe.
* * * LOW HITPOINT WARNING * * *
* * * LOW HITPOINT WARNING * * *
You feel sick.
You die...

#####...........##. ....P~~~♣
#............#.#... ....oo~~♣.
..###>.#.......#.#.####...~~P~P.
#...#.##...#####.#..##.....♣~♣..
###.......##.....##.##......P..o
###................[..........
#...#####.)......o...........
#...# ##†...####....†.......
#..## #.....@###..####..###.
#### #.....#..o......#....#
....#...##)..#...........
..########.)##............ .
#................
#####............ ##...<....
......... #######


You could see an orc.

Vanquished Creatures
  A scorpion (D:4)
  2 hounds
  A jelly (D:5)
  2 iguanas
  2 adders
  3 orcs (D:4)
  A giant cockroach (D:4)
  2 hobgoblins (D:4)
  A quokka (D:5)
  A ball python (D:4)
16 creatures vanquished.

Notes
Turn   | Place    | Note
-------+----------+-------------------------------------------
     0 | D:5      | croobank the Demonspawn Delver began the quest for the Orb.
     0 | D:5      | Reached XP level 1. HP: 18/18 MP: 1/1
     1 | D:6      | Noticed a hound
    19 | D:6      | Killed a hound
    20 | D:6      | Gained mutation: You sometimes gain a little power by
                  | taking damage. [demonic ancestry]
    20 | D:6      | Reached XP level 2. HP: 4/24 MP: 2/2
    20 | D:6      | Gained mutation: Your touch may inflict minor irresistible
                  | damage on your foes. [demonic ancestry]
    20 | D:6      | Reached XP level 3. HP: 5/29 MP: 3/3
   158 | D:6      | Reached skill level 5 in Stealth
   310 | D:5      | Gained mutation: You sometimes gain power by taking damage.
                  | [demonic ancestry]
   310 | D:5      | Reached XP level 4. HP: 33/35 MP: 4/4
   385 | D:5      | Reached skill level 6 in Stealth
   390 | D:5      | Noticed an ice beast
   441 | D:4      | Gained mutation: Your touch may inflict irresistible damage
                  | on your foes. [demonic ancestry]
   441 | D:4      | Reached XP level 5. HP: 26/41 MP: 5/5
   526 | D:4      | Identified the ring of Jileirch {Wiz rF++ rCorr}
   605 | D:4      | HP: 2/41 [orc/+0 hand axe (3)]
   607 | D:4      | Succumbed to a scorpion's poison

Illustrated notes

Levels and vault maps discovered:
D:4:      layout_rooms, minmay_temple_entry_statues_pillars,
          nicolae_elemental_shop, serial_bayou_ford_a, uniq_pikel
D:5:      nicolae_cairo_tiling, layout_rooms, hellmonk_no_cap
D:6:      layout_loops_ring, amcnicky_altar_gilded, kennysheep_little_box,
          ashenzari_conservatory_becter, nicolae_half_adder, uniq_duvessa

Skill      XL: |  1  2  3  4 |
---------------+-------------+-----
Short Blades   | 2 |  2.2
Dodging        | 2 |  2.2
Stealth        | 5 6 |  6.8
Fighting       | |  3.3

Action                     |  1- 3 |  4- 6 || total
---------------------------+-------+-------++-------
  Melee: Short sword       |    21 |    47 ||    68
         Touch             |     3 |     4 ||     7
    Use: Potion            |       |     1 ||     1
   Stab: Sleeping          |     3 |     2 ||     5
         Distracted        |       |     1 ||     1
 Armour: Leather armour    |     9 |    27 ||    36
  Dodge: Dodged            |    15 |    30 ||    45

Table legend: (Time is in decaauts)
 A = Elapsed time spent in this place.
 B = Non-inter-level travel time spent in this place.
 C = Inter-level travel time spent in this place.
 D = Time resting spent in this place.
 E = Time spent auto-exploring this place.
 F = Levels seen in this place.
 G = Mean time per level.
                   A        B        C        D        E       F      G
               +--------+--------+--------+--------+--------+-----+--------+
         Total |    608 |    608 |      0 |    285 |     95 |   3 |  202.7 |
       Dungeon |    608 |    608 |      0 |    285 |     95 |   3 |  202.7 |
               +--------+--------+--------+--------+--------+-----+--------+

Top non-repeatable levels by time:
     D:6: 274 daAuts
     D:4: 202 daAuts
     D:5: 132 daAuts
